 Dungeon Crawl Stone Soup version 0.29.0-4-gdea44cf6ec (webtiles) character file.

Game seed: 13898009087609016982

206 greasedhog the Digger (level 5, -5/28 HPs)
             Began as a Gargoyle Earth Elementalist on Aug 27, 2022.
             Slain by a two-headed ogre
             ... wielding a +0 giant club
              (15 damage)
             ... on level 4 of the Dungeon.
             The game lasted 00:04:09 (2693 turns).

greasedhog the Digger (Gargoyle Earth Elementalist) Turns: 2693, Time: 00:04:10

Health: -5/28      AC:  8    Str: 11    XL:     5   Next: 84%
Magic:  8/8        EV: 11    Int: 24    God:
Gold:   259        SH:  0    Dex: 12    Spells: 2/8 levels left

rFire   . . .      SeeInvis .   d - +0 short sword (elec)
rCold   + . .      Faith    .   (no shield)
rNeg    + . .      Spirit   .   c - +1 leather armour
rPois   ∞          Reflect  .   (no helmet)
rElec   +          Harm     .   (no cloak)
rCorr   .          Rampage  .   (no gloves)
Will    .....                   (no boots)
Stlth   +++.......              q - amulet "Deherof" {RegenMP rC+ Dex+2}
HPRegen 0.09/turn               k - ring of flight
MPRegen 0.51/turn               i - +6 ring of intelligence

@: flying
A: sickness immunity, AC +4, negative energy resistance 1, electricity
resistance, torment resistance 1, petrification resistance
a: no special abilities


You were on level 4 of the Dungeon.
You visited 1 branch of the dungeon, and saw 4 of its levels.

You collected 259 gold pieces.

Inventory:

Hand Weapons
 d - a +0 short sword of electrocution (weapon)
Missiles
 o - 6 curare-tipped darts
Armour
 a - a +0 robe
 c - a +1 leather armour (worn)
Jewellery
 i - a +6 ring of intelligence (right hand)
 k - a ring of flight (left hand)
 q - the amulet "Deherof" (around neck) {RegenMP rC+ Dex+2}
   (You found it on level 3 of the Dungeon)

   [amulet of magic regeneration]

   It increases your rate of magic regeneration.
   Dex:       It affects your dexterity (+2).
   rC:        It protects you from cold.
 r - a ring of positive energy
Scrolls
 f - 2 scrolls of identify
 j - 4 scrolls of teleportation
 m - a scroll of fear
 t - a scroll of magic mapping
 u - 2 scrolls of torment
 v - 3 scrolls of poison
 w - a scroll of blinking {unknown}
Potions
 b - a potion of magic
 e - 2 potions of mutation
 g - 2 potions of heal wounds {unknown}
 h - a potion of attraction {unknown}
 l - 2 potions of flight
 n - a potion of cancellation {unknown}
 p - 2 potions of might
 s - a potion of ambrosia {unknown}
 x - a potion of degeneration {unknown}


   Skills:
 - Level 1.5 Dodging
 * Level 5.0 Stealth
 - Level 2.3 Spellcasting
 - Level 0.7 Transmutations
 * Level 5.8 Earth Magic


You had 2 spell levels left.
You knew the following spells:

 Your Spells              Type           Power      Damage    Failure   Level
a - Sandblast             Erth           60%        2d14      1%          1
b - Passwall              Tmut/Erth      15%        N/A       6%          2
c - Stone Arrow           Conj/Erth      32%        3d9       14%         3

Your spell library contained the following spells:

 Spells                   Type           Power      Damage    Failure   Level
 Summon Small Mammal      Summ           8%         N/A       16%         1
 Poisonous Vapours        Pois/Air       4%         N/A       24%         2
 Petrify                  Tmut/Erth      18%        N/A       36%         4
 Gell's Gravitas          Tloc           2%         N/A       43%         3
 Lesser Beckoning         Tloc           2%         N/A       43%         3
 Teleport Other           Tloc           2%         N/A       43%         3
 Dragon's Call            Summ           1%         N/A       100%        9


Dungeon Overview and Level Annotations

Branches:
Dungeon (4/15)
 Temple: D:4-7

Altars:

Shops:
D:3 =


Innate Abilities, Weirdness & Mutations

You are immune to sickness and miasma.
Your stone body is resilient. (AC +4)
You are immune to poison.
You resist negative energy. (rN+)
You are resistant to electric shocks. (rElec)
You are resistant to unholy torment.
You are immune to petrification.


Message History

You now have 259 gold pieces (gained 12).
Found a leather armour.
Found a robe.
No target in view!
You see here a +0 robe.
Found an escape hatch in the floor.
Found two stone staircases leading up.
v - 3 scrolls of poison
Found a long sword.
g - 2 clear potions (gained 1)
w - a scroll labelled HUOXEYDETA
j - 4 scrolls of teleportation (gained 1)
An adder comes into view.
An adder is nearby!
The blast of sand hits the adder.
The adder is heavily wounded.
The adder hisses angrily.
The blast of sand hits the adder!
You kill the adder!
Magic restored.
x - a sedimented dark potion
u - 2 scrolls of torment (gained 1)
Found 6 poisoned darts.
A two-headed ogre comes into view. It is wielding two +0 giant clubs.
Found a scroll of identify.
A two-headed ogre is nearby!
An adder comes into view.
The blast of sand hits the adder!
You kill the adder!
Your Stealth skill increases to level 5!
The blast of sand hits the two-headed ogre!
The two-headed ogre is moderately wounded.
The two-headed ogre attacks as you move away!
The two-headed ogre closely misses you.
The two-headed ogre hits you with a +0 giant club!!
Ouch! That really hurt!
The two-headed ogre attacks as you move away!
The two-headed ogre closely misses you.
The two-headed ogre hits you with a +0 giant club!
Ouch! That really hurt!
You die...

#.##..#
########.###.####.#
#.....#
#.....##.......##.#
####.##
#.....######.#.##.#
#.# #.(...#
##......# ##.#
#..?..# #.......#
#..# #.....#
#.##.##.# #.##
#.### #.##.##.#
#.#######
#.O.#####.#..##.#
####.......#
###@......#.###.#
#[......##<#
#.#####.#.###.#
#.##.##.#
#.#...#.......#
#.##.# ... ...
#.....##### #.##..
##<> ........#.###
#.##.##. .
###..####.#
.....[... #.... ..#
##.###### #....#
#### #.# #....#


You could see a two-headed ogre.

Vanquished Creatures
  Natasha (thrice) (D:3)
  An iguana (D:4)
  A gnoll (D:1)
  5 adders
  A worm (D:2)
  A dart slug (D:1)
  4 endoplasms
  2 giant cockroaches (D:1)
  6 goblins
  7 hobgoblins
  2 ball pythons
  5 bats
  A frilled lizard (D:1)
  7 kobolds
  6 rats
52 creatures vanquished.

Vanquished Creatures (others)
  64 plants (D:1)
64 creatures vanquished.

Grand Total: 116 creatures vanquished

Notes
Turn   | Place    | Note
-------+----------+-------------------------------------------
     0 | D:1      | greasedhog the Gargoyle Earth Elementalist began the quest
                  | for the Orb.
     0 | D:1      | Reached XP level 1. HP: 10/10 MP: 3/3
   156 | D:1      | Reached XP level 2. HP: 14/15 MP: 0/5
   265 | D:1      | Learned a level 2 spell: Passwall
   365 | D:1      | Got Ylot's Textbook on Vitiation and Apparitions
   471 | D:1      | Reached XP level 3. HP: 19/19 MP: 3/6
  1281 | D:2      | Learned a level 3 spell: Stone Arrow
  1519 | D:2      | Reached XP level 4. HP: 24/24 MP: 5/7
  1829 | D:3      | Noticed Natasha
  1832 | D:3      | Killed Natasha
  1833 | D:3      | Reached skill level 5 in Earth Magic
  1849 | D:3      | Noticed Natasha
  1853 | D:3      | Killed Natasha
  1876 | D:3      | Identified the amulet "Deherof" {RegenMP rC+ Dex+2}
  1905 | D:3      | Reached XP level 5. HP: 28/28 MP: 6/8
  1940 | D:3      | Noticed Natasha
  1944 | D:3      | Killed Natasha
  1974 | D:3      | Found Yjetisis's Jewellery Shoppe.
  2687 | D:4      | Noticed a two-headed ogre
  2690 | D:4      | Reached skill level 5 in Stealth
  2693 | D:4      | Slain by a two-headed ogre

Illustrated notes

Levels and vault maps discovered:
D:1:      roderic_crop_circles_arrival_small, layout_loops_ring
D:2:      layout_basic, serial_park_tiny_pond, kennysheep_another_room
D:3:      layout_rooms, serial_shops, shop_statue, minmay_goblin_kobold_house,
          uniq_natasha
D:4:      layout_loops_cross, mainiacjoe_overflow_tiny_flanked,
          cheibrodos_gnoll_hut

Skill      XL: |  1  2  3  4  5 |
---------------+----------------+-----
Earth Magic    | 4 5 |  5.8
Stealth        | 3 4 5 |  5.0
Dodging        | |  1.5
Spellcasting   | |  2.3
Transmutations | |  0.7

Action                   |  1- 3 |  4- 6 || total
-------------------------+-------+-------++-------
Melee: Unarmed           |     7 |       ||     7
       Short sword       |    25 |    25 ||    50
 Cast: Sandblast         |    35 |    22 ||    57
  Use: Scroll            |     6 |     5 ||    11
 Stab: Sleeping          |       |     5 ||     5
Armor: Robe              |    11 |       ||    11
       Leather armour    |     6 |    22 ||    28
Dodge: Dodged            |    19 |    23 ||    42
